 Dungeon Crawl Stone Soup version 0.30-a0-365-ge7f957f1db (webtiles) character file.

Game seed: 18128355914599212397

1 MachoJfn the Firebug (level 1, 0/10 HPs)
             Began as a Deep Elf Fire Elementalist on Nov 17, 2022.
             Slain by a giant cockroach (2 damage)
             ... on level 1 of the Dungeon.
             The game lasted 00:00:30 (85 turns).

MachoJfn the Firebug (Deep Elf Fire Elementalist)     Turns: 85, Time: 00:00:31

Health: 0/10       AC:  2    Str:  5    XL:     1   Next: 16%
Magic:  5/6        EV: 12    Int: 19    God:
Gold:   0          SH:  0    Dex: 15    Spells: 5/6 levels left

rFire   . . .      SeeInvis .    (no weapon)
rCold   . . .      Faith    .    (no shield)
rNeg    . . .      Spirit   .    a - +0 robe
rPois   .          Reflect  .    (no helmet)
rElec   .          Harm     .    (no cloak)
rCorr   .          Rampage  .    (no gloves)
Will    .....                    (no boots)
Stlth   ++........               (no amulet)
HPRegen 0.21/turn                (no ring)
MPRegen 0.10/turn                (no ring)

@: no status effects
A: no striking features
a: no special abilities


You were on level 1 of the Dungeon.
You visited 1 branch of the dungeon, and saw 1 of its levels.

Inventory:

Armour
 a - a +0 robe (worn)
Potions
 b - a potion of magic


   Skills:
 + Level 2.4 Dodging
 + Level 2.5 Stealth
 + Level 3.0 Spellcasting
 + Level 1.1 Conjurations
 + Level 3.3 Fire Magic


You had 5 spell levels left.
You knew the following spells:

 Your Spells              Type           Power      Damage    Failure   Level
a - Foxfire               Conj/Fire      44%        2x1d6     6%          1

Your spell library contained the following spells:

 Spells                   Type           Power      Damage    Failure   Level
 Scorch                   Fire           30%        2d6       6%          2
 Inner Flame              Hex/Fire       9%         N/A       22%         3
 Kindle Blastsparks       Fire/Tloc/Air  14%        2d11      28%         3
 Flame Wave               Conj/Fire      11%        2d6       52%         4


Dungeon Overview and Level Annotations

Branches:
Dungeon (1/15)

Altars:


Message History

The frilled lizard completely misses you.
You barely miss the frilled lizard.
The giant cockroach bites you but does no damage.
The frilled lizard barely misses you.
You closely miss the frilled lizard. The giant cockroach bites you.
The frilled lizard misses you.
You closely miss the frilled lizard. The giant cockroach closely misses you.
The frilled lizard closely misses you.
You barely miss the frilled lizard. Your punch misses the frilled lizard.
The giant cockroach bites you.
The giant cockroach bites you but does no damage.
The frilled lizard closely misses you.
You closely miss the frilled lizard. The giant cockroach bites you.
The frilled lizard misses you.
You barely miss the frilled lizard. The giant cockroach bites you.
The frilled lizard misses you.
You barely miss the frilled lizard. The giant cockroach barely misses you.
The frilled lizard bites you.
The frilled lizard attacks as you move away!
The frilled lizard barely misses you.
You hit the giant cockroach but do no damage.
The giant cockroach bites you.
* * * LOW HITPOINT WARNING * * *
The giant cockroach closely misses you.
You barely miss the giant cockroach. Your punch misses the giant cockroach.
The giant cockroach bites you but does no damage.
You barely miss the giant cockroach.
You punch the giant cockroach, but do no damage.
The giant cockroach barely misses you.
You closely miss the giant cockroach. The giant cockroach bites you.
* * * LOW HITPOINT WARNING * * *
Casting: Foxfire (safe; 6% risk of failure)
Confirm with . or Enter, or press ? or * to list all spells.
You conjure some foxfire!
The giant cockroach bites you.
* * * LOW HITPOINT WARNING * * *
Your foxfire dissipates!
The foxfire hits the giant cockroach.
The giant cockroach is moderately wounded.
The giant cockroach bites you.
You die...

#.... .# .........
###.... . ...#####'
....... ##.#.#......
#.....#####....#.#......
##...................###
#.........# #.####.#.
#l# #.##..♣.. #B###
###....♣♣♣♣
#§@.#####...♣♣.♣
###....#..#..♣♣♣
####...##.♣.♣ ###†##...♣
#.##.♣♣♣ #..#.♣ ##...♣
##..♣ #..♣♣


You could see a giant cockroach and a frilled lizard.

Vanquished Creatures
  A ball python (D:1)
  A rat (D:1)
2 creatures vanquished.

Vanquished Creatures (others)
  5 foxfires (D:1)
5 creatures vanquished.

Grand Total: 7 creatures vanquished

Notes
Turn   | Place    | Note
-------+----------+-------------------------------------------
     0 | D:1      | MachoJfn the Deep Elf Fire Elementalist began the quest for
                  | the Orb.
     0 | D:1      | Reached XP level 1. HP: 10/10 MP: 6/6
    85 | D:1      | Slain by a giant cockroach

Illustrated notes

Levels and vault maps discovered:
D:1:      amcnicky_arrival_feature_with_door, layout_rooms,
          chequers_ecumenical_altar_grove, serial_shops, nicolae_diamond_shop

Action                   || total
-------------------------++-------
Melee: Unarmed           ||    14
       Punch             ||     1
 Cast: Foxfire           ||     3
Armor: Robe              ||     4
Dodge: Dodged            ||    12

Table legend: (Time is in decaauts)
 A = Elapsed time spent in this place.
 B = Non-inter-level travel time spent in this place.
 C = Inter-level travel time spent in this place.
 D = Time resting spent in this place.
 E = Time spent auto-exploring this place.
 F = Levels seen in this place.
 G = Mean time per level.
                   A        B        C        D        E       F      G
               +--------+--------+--------+--------+--------+-----+--------+
         Total |     85 |     76 |      9 |      0 |     48 |   1 |   85.0 |
       Dungeon |     85 |     76 |      9 |      0 |     48 |   1 |   85.0 |
               +--------+--------+--------+--------+--------+-----+--------+

Top non-repeatable levels by time:
     D:1: 85 daAuts
